 Dungeon Crawl Stone Soup version 0.28.0-53-g5a82cb258f (webtiles) character file.

Game seed: 8697719545892710826

919 funkygono the Slasher (level 7, -5/61 HPs)
             Began as a Minotaur Fighter on July 5, 2022.
             Was a Follower of Okawaru.
             Slain by a gargoyle
             ... wielding a +0 morningstar
              (14 damage)
             ... on level 5 of the Dungeon.
             The game lasted 00:06:05 (4941 turns).

funkygono the Slasher (Minotaur Fighter)            Turns: 4941, Time: 00:06:07

Health: -5/61      AC: 12    Str: 22    XL:     7   Next: 83%
Magic:  6/6        EV:  8    Int:  5    God:    Okawaru [*.....]
Gold:   182        SH:  5    Dex: 16    Spells: 6/6 levels left

rFire   . . .      SeeInvis .   a - +0 long sword
rCold   + . .      Faith    .   c - +0 buckler
rNeg    . . .      Spirit   .   h - +0 chain mail
rPois   .          Reflect  .   (helmet restricted)
rElec   .          Harm     .   (no cloak)
rCorr   .          Rampage  .   (no gloves)
Will    .....                   q - +1 pair of boots
Stlth   ..........              (no amulet)
HPRegen 0.20/turn               v - ring of protection from cold
MPRegen 0.10/turn               o - +6 ring of dexterity

@: no status effects
A: horns 2, retaliatory headbutt
a: Renounce Religion, Heroism


You were on level 5 of the Dungeon.
You worshipped Okawaru.
Okawaru was aware of your devotion.
You visited 2 branches of the dungeon, and saw 6 of its levels.

You collected 182 gold pieces.

Inventory:

Hand Weapons
 a - a +0 long sword (weapon)
 i - a +0 flail of holy wrath
Missiles
 n - 4 atropa-tipped darts
 p - 5 boomerangs (quivered)
 s - 5 poisoned darts
Armour
 b - a +0 scale mail
 c - a +0 buckler (worn)
 e - an orb of energy
 h - a +0 chain mail (worn)
 q - a +1 pair of boots (worn)
Jewellery
 j - a ring of fire
 o - a +6 ring of dexterity (right hand)
 v - a ring of protection from cold (left hand)
Scrolls
 g - a scroll of blinking
 m - a scroll of magic mapping {unknown}
 r - a scroll of teleportation
Potions
 d - 3 potions of might
 f - 3 potions of curing {unknown}
 k - 2 potions of magic {unknown}
 l - a potion of haste {unknown}
 t - 3 potions of lignification {unknown}
 u - a potion of ambrosia {unknown}


   Skills:
 + Level 5.3 Fighting
 + Level 7.2 Long Blades
 + Level 6.9 Armour
 + Level 1.2 Dodging
 + Level 0.3 Stealth
 + Level 5.2 Shields


You had 6 spell levels left.
You didn't know any spells.
Your spell library was empty.

Dungeon Overview and Level Annotations

Branches:
Dungeon (5/15)             Temple (1/1) D:4

Altars:
Cheibriados
Dithmenos
Elyvilon
Fedhas
Gozag
Hepliaklqana
Makhleb
Nemelex Xobeh
Okawaru
Ru
Sif Muna
Trog
Uskayaw
Wu Jian
Xom
Yredelemnul


Innate Abilities, Weirdness & Mutations

You have a pair of horns on your head.
You reflexively headbutt those who attack you in melee.


Message History

Found a dagger.
You see here a +0 dagger.
A white imp comes into view.
The white imp shouts, "Scamper hence, thou droning clay-brained snake-molt!"
The white imp gestures at you.
The puff of frost hits you but does no damage.
You hit the white imp but do no damage.
The white imp hits you but does no damage.
You hit the white imp but do no damage.
The white imp shouts, "Give up, thou hateful miscreant joithead!"
The white imp barely misses you.
You hit the white imp but do no damage. Your headbutt misses the white imp.
The white imp hits you. The white imp freezes you. You resist.
You slash the white imp!
The white imp is almost dead.
The white imp gestures at you. You block the puff of frost.
You hit the white imp but do no damage. You headbutt the white imp.
You kill the white imp!
Okawaru accepts your kill.
You now have 182 gold pieces (gained 8).
A gargoyle comes into view. It is wielding a +0 morningstar.
The gargoyle hurls a stone arrow at you.
The stone arrow hits you!!
You slash the gargoyle! You headbutt the gargoyle.
The gargoyle is heavily damaged.
The gargoyle hurls a stone arrow at you.
The stone arrow hits you!!
* * * LOW HITPOINT WARNING * * *
You hit the gargoyle but do no damage.
The gargoyle is heavily damaged.
The gargoyle hurls a stone arrow at you.
The stone arrow misses you.
You hit the gargoyle. Your headbutt misses the gargoyle.
The gargoyle is severely damaged.
The gargoyle hurls a stone arrow at you.
The stone arrow hits you!
* * * LOW HITPOINT WARNING * * *
The gargoyle hits you with a +0 morningstar!
You die...

..............#.#.###.##
#.#
....#######.#.......#.#
#.# ....#
#.......#.#<..#.# #.#
....# #.###.#.#.##..#.#
#.# ..>.#
#.#...#.#.##<.#.# #.#
.#.####.#..##.#.###.#.#
#.# .#......#.....#..
..#.# #.#
.#.##################.#
#.#
...............9@.....#
#.#
.#.####################
#.# .#.# #.# +#.# #.#
...# #.# ...# #.# ...#
#.# ...# #.# ...# #.#


You could see a gargoyle.

Vanquished Creatures
  A necrophage (D:5)
  An ogre (D:5)
  A centaur (D:5)
  Blork the orc (D:5)
  3 scorpions (D:5)
  A bullfrog zombie (D:5)
  An orc priest (D:4)
  A hound (D:4)
  2 jellies
  An iguana (D:4)
  An orc wizard (D:4)
  A scorpion zombie (D:5)
  3 hound skeletons
  6 adders
  A gnoll (D:2)
  A white imp (D:5)
  An adder skeleton (D:4)
  A worm (D:3)
  3 dart slugs
  13 orcs
  5 bats
  8 endoplasms
  3 giant cockroaches (D:3)
  8 goblins
  4 hobgoblins
  4 kobolds
  2 quokkas (D:1)
  6 ball pythons
  A frilled lizard (D:1)
  7 rats
92 creatures vanquished.

Notes
Turn   | Place    | Note
-------+----------+-------------------------------------------
     0 | D:1      | funkygono the Minotaur Fighter began the quest for the Orb.
     0 | D:1      | Reached XP level 1. HP: 19/19 MP: 0/0
   264 | D:1      | Reached XP level 2. HP: 27/27 MP: 1/1
   821 | D:2      | Reached XP level 3. HP: 33/33 MP: 2/2
   920 | D:2      | Found a faded altar of an unknown god.
  1048 | D:2      | Found Vojyaps's Armour Shoppe.
  1390 | D:2      | Found a sparkling altar of Nemelex Xobeh.
  1481 | D:2      | Reached XP level 4. HP: 29/40 MP: 3/3
  1611 | D:2      | Reached skill level 3 in Long Blades
  2283 | D:3      | Reached skill level 5 in Armour
  2671 | D:4      | Reached skill level 4 in Long Blades
  2671 | D:4      | Reached XP level 5. HP: 42/46 MP: 4/4
  2793 | D:4      | Found a hazy altar of Hepliaklqana.
  2794 | D:4      | Found a bloodstained altar of Trog.
  2909 | D:4      | Reached XP level 6. HP: 50/53 MP: 5/5
  3195 | D:4      | Found a staircase to the Ecumenical Temple.
  3202 | Temple   | Entered the Ecumenical Temple
  3256 | Temple   | Became a worshipper of Warmaster Okawaru
  3755 | D:5      | Entered Level 5 of the Dungeon
  3838 | D:5      | Reached skill level 5 in Long Blades
  3838 | D:5      | Reached skill level 5 in Shields
  4043 | D:5      | Noticed Blork the orc
  4059 | D:5      | Killed Blork the orc
  4093 | D:5      | Reached XP level 7. HP: 31/60 MP: 6/6
  4306 | D:5      | Reached skill level 6 in Long Blades
  4319 | D:5      | Found a shimmering blue altar of Sif Muna.
  4501 | D:5      | Reached skill level 5 in Fighting
  4501 | D:5      | Reached skill level 1 in Dodging
  4560 | D:5      | Reached * piety under Okawaru
  4823 | D:5      | Reached skill level 7 in Long Blades
  4935 | D:5      | Noticed a gargoyle
  4941 | D:5      | Slain by a gargoyle

Illustrated notes

Levels and vault maps discovered:
D:1:      dpeg_arrival_concentric_ovals, layout_basic, minmay_misc_feat_x
D:2:      minmay_razor_zed, layout_basic, basic_altar, basic_ecumenical_altar,
          serial_shops, shop_statue
D:3:      layout_loops_ring, feat_on_display
D:4:      layout_basic, jmf_multi_god_temple, minmay_temple_entry_nine_rooms
D:5:      layout_basic, mainiacjoe_overflow_alcove_1, uniq_blork_the_orc
Temple:   nicolae_temple_hex_pool

Skill      XL: |  1  2  3  4  5  6  7 |
---------------+----------------------+-----
Armour         | 4 5 6 |  6.9
Shields        | 4 5 |  5.2
Long Blades    | 4 5 7 |  7.2
Fighting       | 4 5 |  5.3
Dodging        | 1 |  1.2
Stealth        | |  0.3

Action                   |  1- 3 |  4- 6 |  7- 9 || total
-------------------------+-------+-------+-------++-------
Melee: Long sword        |    98 |   141 |    41 ||   280
       Headbutt          |    10 |    20 |     8 ||    38
  Use: Scroll            |       |    11 |       ||    11
Armor: Scale mail        |    24 |       |       ||    24
       Chain mail        |    21 |    82 |    17 ||   120
Dodge: Dodged            |    47 |    50 |    10 ||   107
Block: Buckler           |    24 |    29 |     7 ||    60
